cohdb
Replays
Latest Replays
All Replays
Popular Replays
Top Player Replays
Match Explorer
How It Works
Community
CoH3 Stats
Reddit
Sign in to upload your games and track your stats! →
Sign in with Steam
Match 41934262
Unlisted
Match 41934262
Overview
Messages
Build Orders
End
Panzerpioneer Squad
Panzerpioneer Squad
Selects Armored Support Battlegroup
Panzergrenadier Squad
Panzergrenadier Squad
250 Light Carrier
Selects Superior Fire Drills
Construct Light Support Kompanie
Fire Support Elements
Flakvierling Half-track
Combat Half-tracks
Panzerjäger Mechanized Group
2.5-tonne Medical Truck
Flakvierling Half-track
Selects Flammpanzer III Medium Tank
Flammpanzer III Medium Tank
Selects Command Panzer IV F Medium Tank
2.5-tonne Medical Truck
Flammpanzer III Medium Tank
Flammpanzer III Medium Tank
XuZhongwei
Sushi Knight
手把新手
CPU - 专家
CPU - 专家
CPU - 专家
0
0
Comments
sign in to comment!
No comments posted yet!